 Dungeon Crawl Stone Soup version 0.29.0-11-gd7f09526c8 (webtiles) character file.

Game seed: 3384650644643303430

74 DoubleLucky the Ruffian (level 4, 0/44 HPs)
             Began as a Troll Fighter on Sept 4, 2022.
             Slain by an adder (3 damage)
             ... on level 3 of the Dungeon.
             The game lasted 00:07:52 (1754 turns).

DoubleLucky the Ruffian (Troll Fighter)             Turns: 1754, Time: 00:07:53

Health: 0/44       AC:  4    Str: 24    XL:     4   Next: 9%
Magic:  3/3        EV:  8    Int:  6    God:
Gold:   106        SH:  7    Dex:  9    Spells: 3/3 levels left

rFire   . . .      SeeInvis .     - Unarmed
rCold   . . .      Faith    .   b - +0 kite shield
rNeg    . . .      Spirit   .   a - +0 robe
rPois   .          Reflect  .   (helmet restricted)
rElec   .          Harm     .   (no cloak)
rCorr   .          Rampage  .   (gloves unavailable)
Will    .....                   (boots unavailable)
Stlth   +.........              (no amulet)
HPRegen 0.94/turn               (no ring)
MPRegen 0.08/turn               (no ring)

@: no status effects
A: large, unfitting armour, claws 3, regeneration 1, shaggy fur 1, tough skin 1
a: no special abilities


You were on level 3 of the Dungeon.
You visited 1 branch of the dungeon, and saw 3 of its levels.

You collected 106 gold pieces.

Inventory:

Missiles
 f - 52 stones (quivered)
Armour
 a - a +0 robe (worn)
 b - a +0 kite shield (worn)
Jewellery
 l - an amulet of guardian spirit
Scrolls
 e - a scroll of poison {unknown}
 h - a scroll of amnesia {unknown}
 i - 2 scrolls of enchant armour {unknown}
 k - a scroll of blinking {unknown}
Potions
 c - a potion of might
 d - a potion of degeneration {unknown}
 g - a potion of ambrosia {unknown}
 j - 2 potions of curing {unknown}
 m - 2 potions of mutation {unknown}
 n - a potion of resistance {unknown}


   Skills:
 - Level 2.4 Fighting
 - Level 2.4 Dodging
 - Level 2.6 Shields
 + Level 4.4 Unarmed Combat


You had 3 spell levels left.
You didn't know any spells.
Your spell library contained the following spells:

 Spells                   Type           Power      Damage    Failure   Level
 Confusing Touch          Hex            0%         N/A       98%         3
 Yara's Violent Unravell  Hex/Tmut       0%         3d3       100%        5
 Enfeeble                 Hex            0%         N/A       100%        7


Dungeon Overview and Level Annotations

Branches:
Dungeon (3/15)

Altars:
Ru

Shops:
D:2 :

Annotations:
D:3 Ijyb


Innate Abilities, Weirdness & Mutations

You are too large for most types of armour.
You have claws for hands.
Your natural rate of healing is unusually fast.
You are covered in fur. (AC +1)
You have tough skin. (AC +1)


Message History

Ijyb zaps a wand.
The puff of flame hits you.
You scratch Ijyb.
Ijyb is lightly wounded.
You block the adder's attack. Ijyb barely misses you.
You closely miss Ijyb.
Ijyb is lightly wounded.
You block the adder's attack. Ijyb hits you with a +0 dagger.
You barely miss Ijyb.
Ijyb is lightly wounded.
The adder bites you. Ijyb closely misses you.
You closely miss Ijyb.
Ijyb is lightly wounded.
The adder bites you. You block Ijyb's attack. The adder barely misses you.
You closely miss Ijyb.
Ijyb is lightly wounded.
The adder bites you but does no damage. Ijyb hits you with a +0 dagger.
You claw Ijyb!
Ijyb is moderately wounded.
You block the adder's attack. Ijyb hits you with a +0 dagger.
You scratch Ijyb.
Ijyb is heavily wounded.
You block the adder's attack.
Ijyb zaps a wand.
The puff of flame hits you! The adder bites you but does no damage.
You closely miss Ijyb.
Ijyb is heavily wounded.
The adder bites you but does no damage. Ijyb hits you with a +0 dagger.
You claw Ijyb!
Ijyb is almost dead.
The adder bites you but does no damage. Ijyb hits you with a +0 dagger.
You block the adder's attack.
You barely miss Ijyb.
Ijyb is almost dead.
Ijyb barely misses you. The adder bites you.
You barely miss Ijyb.
Ijyb is almost dead.
The adder completely misses you.
Ijyb zaps a wand.
The puff of flame hits you!
* * * LOW HITPOINT WARNING * * *
Ijyb attacks as you move away! Ijyb barely misses you.
The adder attacks as you move away! The adder bites you.
You die...

....
...###
.....
...# ##
..#
##.##.#
#.#.S.#
#.#@##
#<.#g#
#.###..
....
...#
$##.#.
..# #
#<###
....
...
....
..#
....
..#


You could see Ijyb and an adder.

Vanquished Creatures
  2 adders (D:2)
  2 dart slugs (D:2)
  4 ball pythons
  5 endoplasms
  2 giant cockroaches
  6 goblins
  4 hobgoblins
  4 jackals
  A quokka (D:1)
  4 bats
  6 frilled lizards
  6 kobolds
  4 rats
50 creatures vanquished.

Notes
Turn   | Place    | Note
-------+----------+-------------------------------------------
     0 | D:1      | DoubleLucky the Troll Fighter began the quest for the Orb.
     0 | D:1      | Reached XP level 1. HP: 22/22 MP: 0/0
   173 | D:1      | Reached XP level 2. HP: 29/29 MP: 1/1
   441 | D:1      | Reached skill level 3 in Unarmed Combat
   533 | D:1      | Found a faded altar of an unknown god.
   670 | D:1      | Reached XP level 3. HP: 36/36 MP: 2/2
   887 | D:2      | Found a sacrificial altar of Ru.
   918 | D:2      | Found Ruch's Book Boutique.
   948 | D:2      | Reached skill level 4 in Unarmed Combat
  1420 | D:2      | Reached XP level 4. HP: 37/44 MP: 3/3
  1740 | D:3      | Noticed Ijyb
  1754 | D:3      | Slain by an adder

Illustrated notes

Levels and vault maps discovered:
D:1:      heliophobic_arrival_battle_scene, layout_basic,
          ebering_ecumenical_altar_petrified, minmay_misc_feat_five
D:2:      layout_basic, serial_shops, shop, basic_altar
D:3:      layout_loops_ring, uniq_natasha, uniq_crazy_yiuf_cottage, uniq_ijyb,
          uniq_sigmund

Skill      XL: |  1  2  3 |
---------------+----------+-----
Unarmed Combat | 3 4 |  4.4
Fighting       | |  2.4
Dodging        | |  2.4
Shields        | |  2.6

Action                   |  1- 3 |  4- 6 || total
-------------------------+-------+-------++-------
Melee: Unarmed           |   123 |    17 ||   140
Armor: Robe              |    34 |     4 ||    38
Dodge: Dodged            |    32 |     8 ||    40
Block: Kite shield       |    37 |     8 ||    45
